 Dungeon Crawl Stone Soup version 0.20.1-1-g8b1a95d (webtiles) character file.

319 JohnnyMnemonic the Ruffian (level 6, -1/59 HPs)
             Began as a Troll Monk on July 19, 2017.
             Slain by a mummy (3 damage)
             ... in an ossuary.
             The game lasted 00:02:28 (1967 turns).

JohnnyMnemonic the Ruffian (Troll Monk)             Turns: 1967, Time: 00:02:28

Health: -1/59      AC:  5    Str: 20    XL:     6   Next: 21%
Magic:  5/5        EV: 10    Int: 13    God:
Gold:   148        SH:  0    Dex: 12    Spells: 5/5 levels left

rFire    + . .     SeeInvis .     - Unarmed
rCold    + . .     Gourm    +   (no shield)
rNeg     . . .     Faith    .   k - +0 robe (curse)
rPois    +         Spirit   .   (helmet restricted)
rElec    +         Reflect  .   (no cloak)
rCorr    +         Harm     .   (gloves unavailable)
MR       .....                  (boots unavailable)
Stlth    ++........             (no amulet)
Regen    0.6/turn               (no ring)
MPRegen  0.1/turn               (no ring)

@: brilliant, resistant
A: unfitting armour, claws 3, blink, blurry vision 1, fast metabolism 3,
gourmand, regeneration 1, screaming 1, shaggy fur 1, tough skin 2, wild magic 1
a: Blink


You were in an ossuary.
You were very full.

You visited 1 branch of the dungeon, and saw 4 of its levels.
You also visited: Ossuary.

You collected 148 gold pieces.

Inventory:

Armour
 a - a +0 robe
 k - a cursed +0 robe (worn)
Wands
 n - a wand of iceblast (6/15)
Scrolls
 c - a scroll of fog {unknown}
 e - a scroll of enchant armour {unknown}
 g - 5 scrolls of identify {unknown}
 i - 2 scrolls of random uselessness {unknown}
 l - 2 scrolls of remove curse {unknown}
Potions
 h - 2 potions of mutation
Comestibles
 b - 4 bread rations
 d - 2 chunks of flesh
 j - a meat ration
 m - a royal jelly


   Skills:
 - Level 2.4 Fighting
 - Level 2.4 Dodging
 - Level 1.0 Stealth
 + Level 7.0 Unarmed Combat


You had 5 spell levels left.
You didn't know any spells.

Dungeon Overview and Level Annotations

Branches:
Dungeon (4/15)
 Temple: D:4-7

Altars:
Dithmenos
Fedhas

Annotations:
D:4 Grinder


Innate Abilities, Weirdness & Mutations

You are too large for most types of armour.
You have claws for hands.
Your metabolism is lightning-fast.
You like to eat raw meat.
Your natural rate of healing is unusually fast.
You are covered in fur. (AC +1)
You have very tough skin. (AC +2)
You can translocate small distances at will.
Scrolls take you a little longer to read.
You occasionally shout uncontrollably at your foes.
Your spells are a little harder to cast, but a little more powerful.


Message History

You are too injured to fight recklessly!
You are too injured to fight recklessly!
You are too injured to fight recklessly!
You are too injured to fight recklessly!
You are too injured to fight recklessly!
You are too injured to fight recklessly!
It was a potion of mutation.
You feel extremely strange.
You feel less in control of your magic.
You feel the urge to shout.
Your vision blurs.
You feel jittery. The mummy misses you.
It was a potion of resistance.
You feel protected. The mummy hits you.
* * * LOW HITPOINT WARNING * * *
The mummy hits you!
* * * LOW HITPOINT WARNING * * *
It was a potion of brilliance.
You feel clever all of a sudden. The mummy barely misses you.
The mummy hits you.
You die...

#########
#+#.......###
............##
......^..@M..#
.....∩.∩.MM..#
.............#
............##
#+#.......###
#########


You could see 3 mummies.

Vanquished Creatures
  The ghost of JohnnyMnemonic the Conjurer, an amateur TeAE of Cheibriados (D:3)
  A crimson imp (D:3)
  An orc priest (D:3)
  An orc wizard (D:3)
  3 adders
  An ooze (D:1)
  4 worms (D:3)
  A leopard gecko (D:3)
  15 orcs (D:3)
  A ball python (D:2)
  A giant cockroach (D:2)
  10 goblins
  2 hobgoblins
  7 jackals (D:1)
  2 quokkas
  2 bats
  2 frilled lizards
  7 kobolds
  5 rats
67 creatures vanquished.

Notes
Turn   | Place    | Note
-------+----------+-------------------------------------------
     0 | D:1      | JohnnyMnemonic the Troll Monk began the quest for the Orb.
     0 | D:1      | Reached XP level 1. HP: 22/22 MP: 0/0
    61 | D:1      | Reached XP level 2. HP: 27/29 MP: 1/1
   172 | D:1      | Reached skill level 4 in Unarmed Combat
   465 | D:2      | Found a shadowy altar of Dithmenos.
   514 | D:2      | Reached XP level 3. HP: 30/36 MP: 2/2
  1025 | D:3      | Reached XP level 4. HP: 25/44 MP: 3/3
  1126 | D:3      | Reached skill level 5 in Unarmed Combat
  1196 | D:3      | Reached XP level 5. HP: 29/50 MP: 4/4
  1333 | D:3      | Found a blossoming altar of Fedhas.
  1385 | D:3      | Reached skill level 6 in Unarmed Combat
  1414 | D:3      | Noticed JohnnyMnemonic's ghost (amateur TeAE)
  1437 | D:3      | Killed JohnnyMnemonic's ghost
  1437 | D:3      | Reached XP level 6. HP: 19/59 MP: 5/5
  1579 | D:3      | Found a glowing drain.
  1705 | D:3      | Reached skill level 7 in Unarmed Combat
  1951 | D:4      | Found a sand-covered staircase.
  1952 | D:4      | Noticed Grinder
  1958 | Ossuary  | Entered an ossuary
  1965 | Ossuary  | Gained mutation: Your spells are a little harder to cast, but a little more powerful. [potion of mutation]
  1965 | Ossuary  | Gained mutation: You occasionally shout uncontrollably at your foes. [potion of mutation]
  1965 | Ossuary  | Gained mutation: Scrolls take you a little longer to read. [potion of mutation]
  1965 | Ossuary  | Gained mutation: You can translocate small distances at will. [potion of mutation]
  1966 | Ossuary  | HP: 2/59 [mummy (12)]
  1967 | Ossuary  | Slain by a mummy

Skill      XL: |  1  2  3  4  5  6 |
---------------+-------------------+-----
Unarmed Combat | 4 5 6 7 |  7.0
Fighting       | |  2.4
Dodging        | |  2.4
Stealth        | |  1.0

Action                   |  1- 3 |  4- 6 || total
-------------------------+-------+-------++-------
Melee: Unarmed           |    87 |    81 ||   168
  Use: Potion            |       |     3 ||     3
 Stab: Sleeping          |     1 |       ||     1
  Eat: Chunk             |    15 |     8 ||    23
Armor: Robe              |    24 |    25 ||    49
Dodge: Dodged            |    49 |    41 ||    90
